AoeStats
← NPG | FishCL

Oasis

508342893Analyzed
3v3 RM · 9d ago on Sep 22, 2026· 15m 1s· 6 players
Game mode
Random Map
Map size
Normal (6 player)
Population
200
Speed
Normal
Resources
Standard
Victory
Conquest
Starting age
Dark Age
Ending age
Imperial Age
RankedLock teamsTeams togetherTeam positionsShared explorationLock speedFull tech treeHidden civsTurbo modeCheats
Victory
Defeat
🇨🇱 Franks · Chile
1612
+7
🇨🇱 Ethiopians · Chile
1564
+8
🇨🇱 Saracens · Chile
1441
+14
🇧🇷 Shu · Brazil
1451
-12
🇲🇽 Cumans · Mexico
1370
-9
🇨🇴 Dravidians · Colombia
1333
-8
PNLN | maromba_aoe
6:30 Loom
8:51 Feudal Age
9:41 Double-Bit Axe
13:35 Fletching
luislm6621
5:58 Loom
8:30 Feudal Age
9:44 Double-Bit Axe
9:59 Town Watch
13:33 Wheelbarrow
Manueska
7:36 Loom
10:32 Feudal Age
11:02 Double-Bit Axe
14:01 Fletching
NPG | FishCL
6:46 Loom
9:26 Feudal Age
10:00 Double-Bit Axe
NPG | DR@CA
6:42 Loom
9:28 Feudal Age
12:04 Fletching
15:17 Padded Archer Armor
AiM | PoRRo
4:29 Loom
10:12 Feudal Age
13:51 Fletching
Connection lost

Rejoining the realm…

Still unreachable

The connection could not be restored.

Session expired

The server has moved on; the page needs a fresh start.